 Dungeon Crawl Stone Soup version 0.24.0-28-g17ded55e90 (webtiles) character file.

Game seed: 8812581105838158991, levelgen mode: deterministic

84 Nattfarinn the Changer (level 4, -3/19 HPs)
             Began as a Felid Transmuter on Nov 13, 2019.
             Killed from afar by Natasha (11 damage)
             ... with a puff of flame
             ... on level 2 of the Dungeon.
             The game lasted 00:05:53 (2826 turns).

Nattfarinn the Changer (Felid Transmuter)           Turns: 2826, Time: 00:05:54

Health: -3/19      AC:  2    Str:  6    XL:     4   Next: 24%
Magic:  5/8        EV: 21    Int: 15    God:
Gold:   97         SH:  0    Dex: 21    Spells: 3/7 levels left
                                        Lives:  0   Deaths: 1

rFire    . . .     SeeInvis +     - Unarmed
rCold    . . .     Gourm    .   (shield unavailable)
rNeg     . . .     Faith    .   (armour unavailable)
rPois    x         Spirit   .   (helmet unavailable)
rElec    .         Reflect  .   (cloak unavailable)
rCorr    .         Harm     .   (gloves unavailable)
MR       .....                  (boots unavailable)
Stlth    ++........             (no amulet)
HPRegen  0.06/turn              (no ring)
MPRegen  0.11/turn              (no ring)

@: spider-form (expiring)
A: tiny, no armour, no weapons or thrown items, stealth, see invisible,
carnivore, slow metabolism 1
a: End Transformation


You were on level 2 of the Dungeon.
You were very full.
You were a venomous arachnid creature.
You visited 1 branch of the dungeon, and saw 2 of its levels.

You collected 97 gold pieces.

Inventory:

Missiles
 a - 12 arrows
Scrolls
 b - a scroll of blinking {unknown}
 d - 5 scrolls of identify {unknown}
 e - 2 scrolls of remove curse {unknown}
 h - a scroll of fear {unknown}
 j - a scroll of amnesia {unknown}
Potions
 f - a potion of curing {unknown}
 g - a potion of might {unknown}
Comestibles
 c - 4 rations


   Skills:
 - Level 1.0 Fighting
 - Level 2.6 Dodging
 - Level 3.0 Unarmed Combat
 - Level 2.0 Spellcasting
 * Level 5.6 Transmutations


You had 3 spell levels left.
You knew the following spells:

 Your Spells              Type           Power        Failure   Level  Hunger
a - Beastly Appendage     Tmut           ###...       9%          1    #......
b - Spider Form           Tmut/Pois      ##........   41%         3    ###....

Your spell library contained the following spells:

 Spells                   Type           Power        Failure   Level  Hunger
 Sticks to Snakes         Tmut           ###.....     11%         2    ###....
 Blade Hands              Tmut           ###.......   73%         5    ######.
 Ice Form                 Ice/Tmut       ##......     77%         4    #####..


Dungeon Overview and Level Annotations

Branches:
Dungeon (2/15)

Altars:
Xom

Annotations:
D:2 Natasha


Innate Abilities, Weirdness & Mutations

You cannot wear armour.
You are incapable of wielding weapons or throwing items.
Your paws allow you to move quietly. (Stealth)
((You have sharp claws.))
((You have razor-sharp teeth.))
You have supernaturally acute eyesight. (SInv)
You are carnivorous and can eat meat at any time.
((You cover ground quickly.))
((You are covered in fur. (AC +1)))
You have a slow metabolism.
((Your sharp claws are effective at attacking unaware monsters.))


Message History

You hit Natasha.
Natasha is poisoned.
Natasha is moderately wounded.
Natasha hisses.
Natasha barely misses you.
You closely miss Natasha.
Natasha is moderately wounded.
Natasha stares at you and mumbles some strange words.
The magic dart hits you!
You closely miss Natasha.
Natasha is moderately wounded.
Natasha misses you.
You hit Natasha but do no damage.
Natasha is moderately wounded.
Your transformation is almost over.
Natasha claws you.
You hit Natasha but do no damage.
Natasha looks as sick as possible!
Natasha is moderately wounded.
Natasha zaps a wand.
The puff of flame hits you!
Ouch! That really hurt!
You die...

###########...##...(♣._
.............###.....♣.♣
#..........).###......♣..
#..................$... .
...............#..##....
............##...## .#
............###..# ..
........##...##.h##.#
..............##s.#.###
........##............#
.......)##.#####......#
.......###.# ##......#
.(.........# #.......#
...÷......#####.##.####
..........##....##.#
...................#
.#############...#.>...


You could see Natasha.

Vanquished Creatures
  Natasha (twice) (D:2)
  3 adders (D:2)
  2 worms (D:2)
  4 dart slugs (D:2)
  A leopard gecko (D:1)
  3 bats
  A giant cockroach (D:1)
  A goblin (D:1)
  9 hobgoblins
  4 kobolds
  3 frilled lizards
  7 rats
40 creatures vanquished.

Notes
Turn   | Place    | Note
-------+----------+-------------------------------------------
     0 | D:1      | Nattfarinn the Felid Transmuter began the quest for the
                  | Orb.
     0 | D:1      | Reached XP level 1. HP: 9/9 MP: 4/4
   346 | D:1      | Reached skill level 3 in Transmutations
   346 | D:1      | Reached XP level 2. HP: 12/12 MP: 6/6
  1674 | D:2      | Reached skill level 4 in Transmutations
  1674 | D:2      | Reached XP level 3. HP: 14/15 MP: 7/7
  1689 | D:1      | Learned a level 3 spell: Spider Form
  2251 | D:2      | Reached XP level 4. HP: 19/19 MP: 8/8
  2433 | D:2      | Noticed Natasha
  2435 | D:2      | Found a faded altar of an unknown god.
  2439 | D:2      | Killed from afar by a white imp
  2440 | D:2      | Reached XP level 3. HP: -3/15 MP: 5/7
  2463 | D:2      | Killed Natasha
  2463 | D:2      | Reached skill level 5 in Transmutations
  2632 | D:2      | Noticed Natasha
  2639 | D:2      | Killed Natasha
  2639 | D:2      | Reached XP level 4. HP: 9/19 MP: 4/8
  2813 | D:2      | Found a shimmering altar of Xom.
  2817 | D:2      | Noticed Natasha
  2826 | D:2      | Killed from afar by Natasha

Levels and vault maps discovered:
D:1:      dpeg_arrival_lava_altar, layout_basic
D:2:      layout_rooms, nicolae_overflow_hidden_temple,
          chequers_ecumenical_altar_simple_redux, minmay_between, uniq_natasha

Skill      XL: |  1  2  3 |
---------------+----------+-----
Transmutations | 3 4 5 |  5.6
Fighting       | |  1.0
Dodging        | |  2.6
Unarmed Combat | |  3.0
Spellcasting   | |  2.0

Action                   |  1- 3 |  4- 6 || total
-------------------------+-------+-------++-------
Melee: Unarmed           |   111 |    18 ||   129
       Bite              |     5 |       ||     5
       Headbutt          |     1 |       ||     1
 Cast: Beastly Appendage |     2 |       ||     2
       Spider Form       |     8 |     3 ||    11
 Stab: Sleeping          |     4 |     2 ||     6
       Distracted        |       |     1 ||     1
  Eat: Chunk             |    14 |     2 ||    16
Armor: Skin              |     7 |     2 ||     9
Dodge: Dodged            |    78 |    10 ||    88
